 Dungeon Crawl Stone Soup version 0.24-b1 (webtiles) character file.

Game seed: 16586415189111034567, levelgen mode: deterministic

6617 Johnny the Geomancer (level 10, -2/84 HPs)
             Began as a Demigod Earth Elementalist on Oct 12, 2019.
             Slain by a six-headed hydra (13 damage)
             ... on level 10 of the Dungeon.
             The game lasted 00:14:15 (9117 turns).

Johnny the Geomancer (Demigod Earth Elementalist)   Turns: 9117, Time: 00:14:15

Health: -2/84      AC: 10    Str: 11    XL:     10   Next: 44%
Magic:  7/23       EV: 13    Int: 25    God:
Gold:   577        SH:  5    Dex: 16    Spells: 8/21 levels left

rFire    . . .     SeeInvis .   I - +7 mace (freeze)
rCold    + . .     Gourm    .   (no shield)
rNeg     . . .     Faith    .   w - +2 leather armour {rC+}
rPois    .         Spirit   .   G - +0 helmet
rElec    +         Reflect  +   p - +0 cloak
rCorr    .         Harm     .   c - +1 pair of gloves
MR       +....                  f - +0 pair of boots {run}
Stlth    ++........             s - +5 amulet of reflection
HPRegen  0.24/turn              H - ring of Temperance {+Fly rElec EV-3} (curse)
MPRegen  0.18/turn              (no ring)

@: quick
A: high mp 1
a: Evoke Flight


You were on level 10 of the Dungeon.
You were not hungry.

You visited 1 branch of the dungeon, and saw 10 of its levels.

You collected 631 gold pieces.
You spent 54 gold pieces at shops.

Inventory:

Hand Weapons
 F - a +2 dagger of venom
 I - a +7 mace of freezing (weapon)
Missiles
 b - 80 stones (quivered)
Armour
 c - a +1 pair of gloves (worn)
 f - a +0 pair of boots of running (worn)
 p - a +0 cloak (worn)
 w - a +2 leather armour of cold resistance (worn)
 G - a +0 helmet (worn)
Jewellery
 s - a +5 amulet of reflection (around neck)
 z - an uncursed amulet of the gourmand {unknown}
 H - the cursed ring of Temperance (left hand) {+Fly rElec EV-3}
   (You found it on level 8 of the Dungeon)

   [ring of evasion]

   It affects your evasion (-3).
   It insulates you from electricity.
   It lets you fly.
   It has a curse placed upon it.
Wands
 A - a wand of random effects (22)
 D - a wand of iceblast (11)
 E - a wand of paralysis (6)
 K - a wand of disintegration (19)
Scrolls
 a - a scroll of fog
 e - 3 scrolls of fear
 i - 5 scrolls of teleportation
 j - a scroll of immolation
 x - 2 scrolls of blinking
 C - a scroll of amnesia
Potions
 g - a potion of brilliance {unknown}
 h - a potion of heal wounds
 m - 3 potions of curing
 n - 2 potions of ambrosia
 o - 2 potions of flight
 r - a potion of agility {unknown}
 t - 2 potions of degeneration
 u - 3 potions of haste
 v - a potion of might
 J - a potion of lignification {unknown}
Comestibles
 d - 23 rations


   Skills:
 + Level 6.6 Fighting
 + Level 6.9 Dodging
 - Level 1.7 Stealth
 + Level 6.3 Spellcasting
 - Level 0.8 Transmutations
 * Level 10.0 Earth Magic


You had 8 spell levels left.
You knew the following spells:

 Your Spells              Type           Power        Failure   Level  Hunger
a - Sandblast             Erth           ######       1%          1    None
b - Stone Arrow           Conj/Erth      ####..       3%          3    None
c - Lee's Rapid Deconstr  Erth           ######....   4%          5    #####..
d - Petrify               Tmut/Erth      #####...     10%         4    ###....

Your spell library contained the following spells:

 Spells                   Type           Power        Failure   Level  Hunger
 Passwall                 Tmut/Erth      #####...     1%          2    None
 Corona                   Hex            #......      10%         1    None
 Shock                    Conj/Air       #...         10%         1    None
 Ensorcelled Hibernation  Hex/Ice        #.....       14%         2    None
 Swiftness                Chrm/Air       #.......     14%         2    None
 Confuse                  Hex            #.......     28%         3    None
 Dazzling Spray           Conj/Hex       #.....       28%         3    None
 Static Discharge         Conj/Air       #.......     28%         3    None
 Tukima's Dance           Hex            #.......     28%         3    None
 Borgnjor's Vile Clutch   Necr/Erth      ####......   32%         5    #####..
 Airstrike                Air            #.........   67%         4    ###....
 Lightning Bolt           Conj/Air       #.........   95%         5    #####..
 Silence                  Hex/Air        #.........   95%         5    #####..
 Darkness                 Hex            #.........   100%        6    ######.
 Shadow Creatures         Summ           N/A          100%        6    ######.


Dungeon Overview and Level Annotations

Branches:
Dungeon (10/15)            Temple (0/1) D:6            Lair (0/6) D:9
    Orc: D:9-12

Shops:
D:7 [   D:9 *


Innate Abilities, Weirdness & Mutations

You have an increased reservoir of magic. (+10% MP)


Message History

Press: ? - help, Shift-Dir - straight line, f/p - six-headed hydra
Aim: a six-headed hydra (heavily wounded)
The stone arrow misses the six-headed hydra.
The six-headed hydra barely misses you.
You block the six-headed hydra's attack.
The six-headed hydra bites you but does no damage.
The six-headed hydra bites you! x3
Casting: Stone Arrow (safe; 3% risk of failure)
Confirm with . or Enter, or press ? or * to list all spells.
Aiming: Stone Arrow (safe; 3% risk of failure)
Press: ? - help, Shift-Dir - straight line, f/p - six-headed hydra
Aim: a six-headed hydra (heavily wounded)
The stone arrow hits the six-headed hydra!!
The six-headed hydra is almost dead.
The six-headed hydra bites you! x2
The six-headed hydra closely misses you. x2
The six-headed hydra bites you!
* * * LOW HITPOINT WARNING * * *
The six-headed hydra bites you!
You die...

........................
...#####..............# .
..)#####..............# ..
.......#..............#...
))...÷....................
†##.##..........†.........
.#≈≈≈#....................
.#≈(≈#....................
.#≈§≈#..........@.........
.#####..#.......D.######..
.. ...#.........# . ..
...#.........# .#
...'.........# #.........#
.####....# #....#


You could see a six-headed hydra.

Vanquished Creatures
  2 trolls
  A merfolk (D:10)
  3 hippogriffs
  A spriggan (D:10)
  A human (D:10)
  Eustachio (D:5)
  A wyvern (D:10)
  2 hungry ghosts (D:8)
  Edmund (D:5)
  3 wargs (D:9)
  2 orc warriors
  2 black bears
  3 ice beasts
  2 sky beasts
  A phantom (D:9)
  2 centaurs
  6 ogres
  A bullfrog (D:9)
  4 scorpions
  3 killer bees (D:8)
  9 wights
  6 howler monkeys
  5 crimson imps
  A quasit (D:4)
  A bullfrog zombie (D:7)
  3 jellies
  13 orc wizards
  A gnoll shaman (D:6)
  5 orc priests
  6 hounds
  2 iguanas
  8 worker ants
  2 hound skeletons
  A worker ant zombie (D:10)
  4 gnolls (D:6)
  9 adders
  2 shadow imps
  An adder zombie (D:9)
  2 worms
  32 orcs
  6 giant cockroaches
  12 hobgoblins
  7 jackals
  9 kobolds
  4 quokkas
  A ball python (D:4)
  3 bats (D:2)
  2 frilled lizards
  A giant cockroach zombie (D:5)
  6 goblins
  3 quokka skeletons
  2 quokka zombies (D:5)
  6 rats
217 creatures vanquished.

Vanquished Creatures (others)
  A jelly (D:10)
  An orc wizard (D:5)
  A worker ant (D:5)
3 creatures vanquished.

Grand Total: 220 creatures vanquished

Notes
Turn   | Place    | Note
-------+----------+-------------------------------------------
     0 | D:1      | Johnny the Demigod Earth Elementalist began the quest for
                  | the Orb.
     0 | D:1      | Reached XP level 1. HP: 14/14 MP: 5/5
   258 | D:1      | Reached XP level 2. HP: 20/22 MP: 4/7
   267 | D:1      | Reached skill level 3 in Earth Magic
   969 | D:2      | Reached skill level 1 in Fighting
   969 | D:2      | Reached XP level 3. HP: 24/28 MP: 4/8
  1011 | D:2      | Found an iron altar of Okawaru.
  1503 | D:2      | Found a blossoming altar of Fedhas.
  2103 | D:3      | Reached XP level 4. HP: 33/35 MP: 7/10
  2752 | D:4      | Reached skill level 4 in Earth Magic
  2809 | D:4      | Reached XP level 5. HP: 26/41 MP: 1/11
  3555 | D:4      | Found an ancient bone altar of Kikubaaqudgha.
  3562 | D:4      | Reached XP level 6. HP: 48/48 MP: 11/13
  3809 | D:5      | Entered Level 5 of the Dungeon
  4155 | D:5      | Noticed Eustachio
  4168 | D:5      | Killed Eustachio
  4168 | D:5      | Reached skill level 5 in Earth Magic
  4289 | D:5      | Reached XP level 7. HP: 56/56 MP: 12/15
  4343 | D:5      | Identified a +0 pair of boots of running (You found it on
                  | level 5 of the Dungeon)
  4394 | D:5      | Noticed Edmund
  4399 | D:5      | Killed Edmund
  4426 | D:5      | Found a shimmering altar of Xom.
  4453 | D:5      | Reached skill level 6 in Earth Magic
  4601 | D:5      | Reached XP level 8. HP: 66/66 MP: 14/17
  5017 | D:6      | Found a radiant altar of Vehumet.
  5017 | D:6      | Found a shadowy altar of Dithmenos.
  5017 | D:6      | Found a glowing golden altar of the Shining One.
  5017 | D:6      | Found a stormy altar of Qazlal.
  5017 | D:6      | Found a white marble altar of Elyvilon.
  5043 | D:6      | Found an opulent altar of Gozag.
  5070 | D:6      | Found a staircase to the Ecumenical Temple.
  5323 | D:6      | Reached skill level 7 in Earth Magic
  5549 | D:6      | Found a shimmering altar of Xom.
  6200 | D:7      | Reached skill level 5 in Dodging
  6268 | D:7      | Noticed a hippogriff
  6271 | D:7      | Killed a hippogriff
  6302 | D:7      | Learned a level 3 spell: Stone Arrow
  6308 | D:7      | Learned a level 5 spell: Lee's Rapid Deconstruction
  6313 | D:7      | Learned a level 4 spell: Petrify
  6390 | D:7      | Reached XP level 9. HP: 61/73 MP: 14/19
  6413 | D:7      | Reached skill level 5 in Spellcasting
  6415 | D:7      | Reached skill level 5 in Fighting
  6415 | D:7      | Reached skill level 8 in Earth Magic
  6657 | D:7      | Found Misium's Antique Armour Shop.
  7774 | D:8      | Got a warped wooden ring
  8104 | D:9      | Reached skill level 9 in Earth Magic
  8122 | D:9      | Found Yhienk's Assorted Antiques.
  8170 | D:9      | Bought a scroll of teleportation for 54 gold pieces
  8292 | D:9      | Reached XP level 10. HP: 70/83 MP: 19/22
  8478 | D:9      | Found a staircase to the Lair.
  8721 | D:9      | Found a burning altar of Makhleb.
  8780 | D:10     | Entered Level 10 of the Dungeon
  9019 | D:10     | Identified the cursed ring of Temperance {+Fly rElec EV-3}
                  | (You found it on level 8 of the Dungeon)
  9072 | D:10     | Reached skill level 10 in Earth Magic
  9110 | D:10     | Noticed a six-headed hydra
  9117 | D:10     | Slain by a six-headed hydra

Skill      XL: |  1  2  3  4  5  6  7  8  9 10 |
---------------+-------------------------------+-----
Dodging        | 2 3 4 5 6 |  6.9
Earth Magic    | 3 4 5 6 7 9 10 | 10.0
Spellcasting   | 2 3 4 5 6 |  6.3
Fighting       | 1 2 3 4 5 6 |  6.6
Stealth        | |  1.7
Transmutations | |  0.8

Action                   |  1- 3 |  4- 6 |  7- 9 | 10-12 || total
-------------------------+-------+-------+-------+-------++-------
Melee: Unarmed           |    45 |       |       |       ||    45
       Short sword       |    45 |    74 |    24 |       ||   143
       Whip              |       |       |   114 |       ||   114
       Dagger            |       |       |    43 |       ||    43
       Mace              |       |       |    20 |    73 ||    93
 Cast: Sandblast         |    53 |    52 |   135 |    37 ||   277
       Lee's Rapid Decon |       |       |     5 |     2 ||     7
       Stone Arrow       |       |       |     3 |     4 ||     7
Evoke: Wand              |       |    19 |     7 |       ||    26
  Use: Potion            |       |     2 |     2 |       ||     4
       Scroll            |       |       |     7 |     9 ||    16
 Stab: Sleeping          |     4 |     1 |     4 |     1 ||    10
       Distracted        |       |       |     1 |       ||     1
  Eat: Chunk             |     4 |     7 |    11 |     3 ||    25
       Ration            |       |       |     1 |       ||     1
Armor: Robe              |    17 |     8 |       |       ||    25
       Leather armour    |       |       |    84 |    32 ||   116
Dodge: Dodged            |    95 |    82 |   178 |    61 ||   416
Block: Other             |       |    19 |    72 |    20 ||   111
